 Dungeon Crawl Stone Soup version 0.31-a0-459-gc8a9bf3d51 (console) character file.

Game seed: 7338289093839539180

179 Lexodia the Conjurer (level 5, 0/28 HPs)
             Began as a Tengu Fire Elementalist on Aug 4, 2023.
             Killed by nerve-wracking pain
             ... invoked by a shadow imp
              (8 damage)
             ... on level 4 of the Dungeon.
             The game lasted 00:06:22 (2879 turns).

Lexodia the Conjurer (Tengu Fire Elementalist)      Turns: 2879, Time: 00:06:23

Health: 0/28       AC: 15    Str:  9    XL:     5   Next: 59%
Magic:  9/10       EV: -5    Int: 17    God:
Gold:   100        SH:  4    Dex: 14    Spells: 8/9 levels left

rFire   + . .        f - +7 club
rCold   + . .        q - +0 buckler
rNeg    . . .        e - +0 gold dragon scales
rPois   +            (helmet restricted)
rElec   .            (no cloak)
rCorr   .            i - +2 pair of gloves {infuse}
SInv    .            (boots unavailable)
Will    .....        (no amulet) Stlth
                     (no ring)
HPRegen 0.24/turn    (no ring)
MPRegen 0.12/turn

%: infuse magic (1 MP)
@: flying quickly and evasively, quick
A: beak, talons 3, nimble flight
a: no special abilities


You were on level 4 of the Dungeon.
You visited 1 branch of the dungeon, and saw 4 of its levels.

You collected 100 gold pieces.

Inventory:

Hand Weapons
 f - a +7 club (weapon)
 n - a +0 trident
Missiles
 u - 8 poisoned darts
Armour
 a - a +0 robe
 e - +0 gold dragon scales (worn)
 i - a +2 pair of gloves of infusion (worn)
 q - a +0 buckler (worn)
Wands
 m - a wand of flame (8)
Scrolls
 c - a scroll of enchant weapon {unknown}
 d - a scroll of revelation {unknown}
 j - 3 scrolls of teleportation {unknown}
 k - a scroll of enchant armour {unknown}
 r - a scroll of immolation {unknown}
 t - a scroll of fear {unknown}
Potions
 b - 2 potions of magic
 g - a potion of mutation {unknown}
 h - 2 potions of heal wounds
 l - a potion of brilliance
 o - a potion of berserk rage {unknown}
 p - a potion of might
 s - a potion of enlightenment {unknown}


   Skills:
 * Level 0.9 Maces & Flails
 + Level 0.5 Armour
 - Level 2.1 Dodging
 - Level 2.0 Stealth
 + Level 0.2 Shields
 + Level 2.9 Spellcasting
 * Level 4.8 Conjurations
 + Level 4.2 Fire Magic


You had 8 spell levels left.
You knew the following spells:

 Your Spells              Type           Power      Damage    Failure   Level
a - Foxfire               Conj/Fire      72%        2x1d7     100%        1

Your spell library contained the following spells:

 Spells                   Type           Power      Damage    Failure   Level
 Scorch                   Fire           34%        2d6       100%        2
 Inner Flame              Hex/Fire       9%         N/A       100%        3
 Volatile Blastmotes      Fire/Tloc      18%        2d11      100%        3
 Flame Wave               Conj/Fire      18%        2d7       100%        4


Dungeon Overview and Level Annotations

Branches:
Dungeon (4/15)
 Temple: D:4-7

Altars:


Innate Abilities, Weirdness & Mutations

You have a beak for a mouth.
You have claws for feet.
Your magical nature lets you fly swiftly and evasively.


Message History

Pain shoots through your body!
Huge Dmg: -39%(-11hp) hp: 61%(17hp)
Casting: Foxfire (safe; 100% risk of failure)
Confirm with . or Enter, or press ? or * to list all spells.
Okay, then.
Throw: 9 darts (poison)
Press: ? - help, Shift-Dir - straight line, f - adder
Aim: an adder (32% to hit)
You throw a poisoned dart. The poisoned dart hits the adder.
The adder is poisoned.
The adder bites you but does no damage.
A goblin comes into view. It is wielding a +0 dagger.
The adder bites you but does no damage.
Okay, then.
Aiming: Throw Flame
Press: ? - help, Shift-Dir - straight line, f/p - adder
Aim: an adder (poisoned, 48% to hit)
Okay, then.
Unknown command.
You miss the adder.
The goblin shouts!
Your kick misses the adder. The adder bites you but does no damage.
The shadow imp gestures at you. Pain shoots through your body!
A kobold comes into view. It is wielding a +0 club.
Huge Dmg: -32%(-9hp) hp: 33%(9hp)
You miss the adder.
The kobold shouts!
Your kick misses the adder.
The adder is lightly wounded.
The adder bites you.
* * * LOW HITPOINT WARNING * * *
The adder bites you.
* * * LOW HITPOINT WARNING * * *
Huge Dmg: -8%(-2hp) hp: 25%(7hp)
You thump the adder! Your kick misses the adder. You peck the adder.
You kill the adder!
The shadow imp gestures at you. Pain shoots through your body!
You die...

#..........#
#<...# ##...###
##....# ..#
#...#.# ###
##...###.#
.....
........###...#
##...###...####
..# #g.5@.....#
#...###(..###.#
.. .###... ##
..... .... ...
...


You could see a shadow imp and a goblin.

Vanquished Creatures
  Terence (D:2)
  Jessica (D:2)
  4 gnolls
  3 adders
  2 worms (D:2)
  An orc (D:3)
  2 endoplasms (D:1)
  2 giant cockroaches
  7 goblins
  3 hobgoblins (D:1)
  A jackal (D:3)
  8 kobolds
  3 quokkas
  10 ball pythons
  8 bats
  4 frilled lizards
  10 rats
70 creatures vanquished.

Vanquished Creatures (others)
  7 foxfires (D:1)
7 creatures vanquished.

Grand Total: 77 creatures vanquished

Notes
Turn   | Place    | Note
-------+----------+-------------------------------------------
     0 | D:1      | Lexodia the Tengu Fire Elementalist began the quest for the
                  | Orb.
     0 | D:1      | Reached XP level 1. HP: 10/10 MP: 4/4
    58 | D:1      | Huge Dmg: 5 dmg
   209 | D:1      | Huge Dmg: 3 dmg
   211 | D:1      | Huge Dmg: 3 dmg
   217 | D:1      | Huge Dmg: 4 dmg
   222 | D:1      | Reached XP level 2. HP: 3/15 MP: 6/6
   224 | D:1      | Huge Dmg: 1 dmg
   769 | D:1      | Reached XP level 3. HP: 19/19 MP: 5/7
  1129 | D:2      | Huge Dmg: 4 dmg
  1130 | D:2      | Huge Dmg: 3 dmg
  1132 | D:2      | Reached XP level 4. HP: 13/24 MP: 0/8
  1264 | D:2      | Noticed Terence
  1270 | D:2      | Noticed Jessica
  1275 | D:2      | Huge Dmg: 5 dmg
  1277 | D:2      | Huge Dmg: 4 dmg
  1285 | D:2      | Killed Terence
  1328 | D:2      | Huge Dmg: 9 dmg
  1329 | D:2      | Huge Dmg: 9 dmg
  1332 | D:2      | Huge Dmg: 11 dmg
  1335 | D:2      | Huge Dmg: 9 dmg
  1338 | D:2      | Huge Dmg: 5 dmg
  1339 | D:2      | Huge Dmg: 4 dmg
  1340 | D:2      | Huge Dmg: 11 dmg
  1340 | D:2      | Killed Jessica
  1634 | D:2      | Gained mutation: Your magical nature lets you fly swiftly
                  | and evasively. [Tengu growth]
  1634 | D:2      | Reached XP level 5. HP: 28/28 MP: 8/10
  1939 | D:2      | Huge Dmg: 6 dmg
  2304 | D:3      | Found a faded altar of an unknown god.
  2396 | D:3      | Huge Dmg: 6 dmg
  2398 | D:3      | Huge Dmg: 11 dmg
  2876 | D:4      | Huge Dmg: 11 dmg
  2878 | D:4      | Huge Dmg: 9 dmg
  2879 | D:4      | Huge Dmg: 2 dmg
  2879 | D:4      | Killed from afar by a shadow imp

Illustrated notes

Levels and vault maps discovered:
D:1:      dpeg_arrival_signposts, layout_loops_ring
D:2:      layout_loops_ring, uniq_jessica, uniq_terence
D:3:      minmay_chambers_of_twos, layout_rooms,
          hellmonk_ecumenical_altar_pennies_from_heaven, minmay_cupped
D:4:      nicolae_BIG_FREAKIN_CUBE, layout_loops_ring

Skill      XL: |  1  2  3  4 |
---------------+-------------+-----
Conjurations   | 2 3 4 |  4.8
Fire Magic     | 4 |  4.2
Maces & Flails | |  0.9
Armour         | |  0.5
Dodging        | |  2.1
Stealth        | |  2.0
Shields        | |  0.2
Spellcasting   | |  2.9

Action                     |  1- 3 |  4- 6 || total
---------------------------+-------+-------++-------
  Melee: Unarmed           |    19 |       ||    19
         Kick              |    18 |    14 ||    32
         Whip              |    56 |    12 ||    68
         Peck              |     5 |    11 ||    16
         Trident           |       |     9 ||     9
         Club              |       |    68 ||    68
  Throw: Dart              |       |     1 ||     1
   Cast: Foxfire           |     4 |       ||     4
  Evoke: Wand              |     4 |     6 ||    10
    Use: Potion            |       |     4 ||     4
 Armour: Gold dragon scale |    68 |    75 ||   143
  Dodge: Dodged            |     3 |     1 ||     4
  Block: Buckler           |       |    10 ||    10

Table legend: (Time is in decaauts)
 A = Elapsed time spent in this place.
 B = Non-inter-level travel time spent in this place.
 C = Inter-level travel time spent in this place.
 D = Time resting spent in this place.
 E = Time spent auto-exploring this place.
 F = Levels seen in this place.
 G = Mean time per level.
                   A        B        C        D        E       F      G
               +--------+--------+--------+--------+--------+-----+--------+
         Total |   2828 |   2696 |    132 |    134 |   2067 |   4 |  707.0 |
       Dungeon |   2828 |   2696 |    132 |    134 |   2067 |   4 |  707.0 |
               +--------+--------+--------+--------+--------+-----+--------+

Top non-repeatable levels by time:
     D:1: 1018 daAuts
     D:2: 995 daAuts
     D:3: 802 daAuts
     D:4: 11 daAuts
